 Dungeon Crawl Stone Soup version 0.26-a0-252-gb32a1a6195 (webtiles) character file.

Game seed: 3960523122121537536

6983 BritishOli the Protected (level 10, 0/80 HPs)
             Began as a Demonspawn Gladiator on July 9, 2020.
             Was a Priest of Okawaru.
             Slain by a two-headed ogre
             ... wielding a +0 giant club
              (29 damage)
             ... on level 13 of the Dungeon.
             The game lasted 00:34:17 (12764 turns).

BritishOli the Protected (Demonspawn Gladiator)    Turns: 12764, Time: 00:34:17

Health: 0/80       AC:  0    Str: 17    XL:     10   Next: 81%
Magic:  0/10       EV: 19    Int: 10    God:    Okawaru [***...]
Gold:   266        SH:  0    Dex: 15    Spells: 9/9 levels left

rFire    . . .     SeeInvis .   (weapon currently unavailable)
rCold    . . .     Faith    .   (shield currently unavailable)
rNeg     . . .     Spirit   +   (armour currently unavailable)
rPois    .         Reflect  .   (helmet currently unavailable)
rElec    .         Harm     .   (cloak currently unavailable)
rCorr    .                      (gloves currently unavailable)
MR       .....                  (boots currently unavailable)
Stlth    +.........             q - amulet of guardian spirit
HPRegen  0.23/turn              (ring currently unavailable)
MPRegen  0.12/turn              (ring currently unavailable)

@: mighty, pig-form, slowed
A: small, powered by death 2, powered by pain 1
a: Heroism, Renounce Religion


You were on level 13 of the Dungeon.
You worshipped Okawaru.
Okawaru was most pleased with you.
You were not hungry.
You were a filthy swine.
You visited 2 branches of the dungeon, and saw 12 of its levels.
You also visited: Bailey.

You collected 731 gold pieces.
You spent 465 gold pieces at shops.

Inventory:

Hand Weapons
 m - a +6 falchion
 t - the +7 triple sword of Innocence (melded) {flame, rPois}
   (You bought it in a shop on level 8 of the Dungeon)

   It has been specially enchanted to burn those struck by it, causing extra
   injury to most foes and up to half again as much damage against particularly
   susceptible opponents.
   Big, fiery blades are also staple armaments of hydra-hunters.
   It protects you from poison.
Missiles
 b - 2 silver javelins (quivered)
 d - 3 throwing nets
Armour
 v - a +2 hat (melded)
 B - a +3 chain mail (melded)
 I - the +1 leather armour of Faoceuj {Harm rN+ Stlth+}
   (You found it in a bailey)

   It protects you from negative energy.
   It increases damage dealt and taken.
   It makes you more stealthy.
Jewellery
 k - a +4 ring of evasion
 q - an amulet of guardian spirit (around neck)
 s - an uncursed ring of positive energy
 x - a +4 ring of protection (melded)
 H - a +6 ring of dexterity (melded)
Wands
 a - a wand of paralysis (7)
Scrolls
 e - 2 scrolls of magic mapping
 h - 8 scrolls of remove curse
 i - a scroll of random uselessness {unknown}
 l - a scroll of vulnerability {unknown}
 p - 5 scrolls of enchant armour
 r - a scroll of amnesia
 u - 2 scrolls of enchant weapon
 y - a scroll of acquirement {unknown}
 D - a scroll of noise {unknown}
 E - 4 scrolls of identify
 F - a scroll of immolation {unknown}
Potions
 c - a potion of magic
 g - a potion of curing
 o - a potion of heal wounds
 z - 3 potions of might
 A - a potion of berserk rage
 G - a potion of mutation {unknown}
Comestibles
 f - 28 rations


   Skills:
 + Level 7.6 Fighting
 * Level 8.1 Long Blades
 - Level 3.3 Throwing
 + Level 8.7 Armour
 + Level 7.3 Dodging


You had 9 spell levels left.
You didn't know any spells.
Your spell library was empty.

Dungeon Overview and Level Annotations

Branches:
Dungeon (10/15)            Temple (1/1) D:4            Lair (0/6) D:9
    Orc (0/2) D:10         Bailey (visited)

Altars:
Ashenzari
Cheibriados
Dithmenos
Elyvilon
Fedhas
Gozag
Hepliaklqana
Kikubaaqudgha
Makhleb
Nemelex Xobeh
Okawaru
Qazlal
Ru
Sif Muna
Trog
Uskayaw
Vehumet
Wu Jian
Xom
Yredelemnul
Zin
The Shining One

Shops:
D:8 (*

Annotations:
D:7 3 runed translucent doors, Joseph; Miritol's ghost, novice VSBr
D:8 Gastronok
D:13 Frances; Kirke


Innate Abilities, Weirdness & Mutations

((You have a pair of small antennae on your head.))
You regenerate health from kills.
You sometimes gain a little power by taking damage.


Message History

The two-headed ogre hits you with a +0 giant club!!
* * * LOW HITPOINT WARNING * * *
You focus on the pain.
You feel your power returning.
You feel much better. The bullfrog hits you. The bullfrog misses you.
The komodo dragon hisses menacingly.
The two-headed ogre misses you.
The two-headed ogre hits you with a +0 giant club!!
You focus on the pain.
You feel very mighty all of a sudden. The bullfrog hits you.
Okay, then.
Evoke which item? (* to show all) (? for menu, Esc to quit)
Okay, then.
Okay, then.
You bite the bullfrog!
The bullfrog is almost dead.
The bullfrog swells and bulges.
The bullfrog closely misses you.
The two-headed ogre hits you with a +0 giant club!!
You die... .### ##### *..# **,*,***,**** .# ### *#.# *,*,***,* ## #.######.## *,*,,,,,* # #..lQ.Oooo#

*,*******
#o#######Y#
*,* #.# #l##
*,* #Q# #YQ#
*,* #l# ##O##
*,* **** #o#
#.h# *,* ,..#
#.#
##F#***,****
##.# #o#
#..**,,,,,*
.#.# #.#
##.#*,,,,,*
.#.# #.#
*.#*,,,,,*
.#.# #.#
****.#*,,,,,*
.#.# #o#
*,,,..*,,,,,*
..o###.#####
*,,,..*,,,,,*
..oo..J....#
*,,,,,*,,,,,*


You could see a tengu warrior, a two-headed ogre, a komodo dragon, 2 yaks, a
bullfrog and 2 orcs.

Vanquished Creatures
  A troll (D:8)
  Grinder (D:5)
  A hippogriff (D:8)
  11 yaks
  A water moccasin (D:7)
  9 orc warriors
  An ice beast (D:7)
  A sky beast (D:5)
  3 phantoms
  3 necrophages
  2 ogres
  3 wolves
  4 centaurs
  A crocodile (D:8)
  2 big kobolds (D:8)
  4 bullfrogs
  2 scorpions
  An electric eel (D:9)
  5 wights (D:8)
  2 howler monkeys
  8 hounds
  A quasit (D:8)
  3 centaur skeletons
  2 centaur zombies
  A jelly (D:9)
  11 orc wizards
  4 orc priests
  2 bullfrog skeletons
  2 iguanas
  9 worker ants
  A killer bee zombie (D:6)
  3 gnolls (D:2)
  12 adders
  3 shadow imps
  2 white imps
  2 ufetubi
  An ooze (D:6)
  2 worms (D:2)
  2 dart slugs
  4 leopard geckos
  33 orcs
  7 ball pythons
  7 giant cockroaches
  18 goblins
  8 hobgoblins
  2 jackals (D:2)
  21 kobolds
  8 quokkas
  15 bats
  7 frilled lizards
  A leopard gecko skeleton (D:4)
  A quokka zombie (D:5)
  8 rats
269 creatures vanquished.

Vanquished Creatures (others)
  An orc (D:9)
  A kobold (D:9)
2 creatures vanquished.

Grand Total: 271 creatures vanquished

Notes
Turn   | Place    | Note
-------+----------+-------------------------------------------
     0 | D:1      | BritishOli the Demonspawn Gladiator began the quest for the
                  | Orb.
     0 | D:1      | Reached XP level 1. HP: 16/16 MP: 1/1
   124 | D:1      | Gained mutation: You sometimes gain a little power by
                  | taking damage. [demonic ancestry]
   124 | D:1      | Reached XP level 2. HP: 19/22 MP: 2/2
  1072 | D:2      | Reached XP level 3. HP: 28/28 MP: 3/3
  1149 | D:2      | Reached skill level 1 in Armour
  2057 | D:2      | Gained mutation: You regenerate a little health from kills.
                  | [demonic ancestry]
  2057 | D:2      | Reached XP level 4. HP: 11/34 MP: 4/4
  2746 | D:2      | Found a glowing silver altar of Zin.
  2961 | D:3      | Reached XP level 5. HP: 39/40 MP: 5/5
  3810 | D:4      | Found a shattered altar of Ashenzari.
  3943 | D:4      | Found a staircase to the Ecumenical Temple.
  3970 | D:4      | Noticed an ogre
  4107 | D:4      | Reached XP level 6. HP: 34/47 MP: 2/6
  5050 | Temple   | Entered the Ecumenical Temple
  5406 | D:5      | Entered Level 5 of the Dungeon
  5431 | D:5      | Gained mutation: You regenerate health from kills. [demonic
                  | ancestry]
  5431 | D:5      | Reached XP level 7. HP: 35/52 MP: 5/7
  5677 | D:5      | Noticed Grinder
  6185 | D:6      | Gained mutation: You have a pair of small antennae on your
                  | head. [demonic ancestry]
  6185 | D:6      | Reached XP level 8. HP: 61/61 MP: 6/8
  6749 | D:5      | Killed Grinder
  6749 | D:5      | Reached skill level 5 in Armour
  7083 | D:7      | Found a shattered altar of Ashenzari.
  7083 | D:7      | Found a runed translucent gate.
  7083 | D:7      | Found a runed translucent gate.
  7086 | D:7      | Found a snail-covered altar of Cheibriados.
  7086 | D:7      | Found a runed translucent gate.
  7088 | D:7      | Found a stormy altar of Qazlal.
  7089 | D:7      | Found a hazy altar of Hepliaklqana.
  7089 | D:7      | Found a white marble altar of Elyvilon.
  7089 | D:7      | Found an ornate altar of the Wu Jian Council.
  7090 | D:7      | Found a hide-covered altar of Uskayaw.
  7091 | D:7      | Found a sacrificial altar of Ru.
  7092 | D:7      | Found a burning altar of Makhleb.
  7094 | D:7      | Found a shadowy altar of Dithmenos.
  7124 | D:7      | Reached skill level 5 in Long Blades
  7379 | D:7      | Reached skill level 5 in Fighting
  7379 | D:7      | Reached skill level 5 in Dodging
  8148 | D:7      | Noticed a slime creature
  8156 | D:7      | Noticed Miritol's ghost (novice VSBr)
  8243 | D:7      | Noticed Joseph
  8484 | D:7      | Reached XP level 9. HP: 60/67 MP: 9/9
  8776 | D:8      | Found Aqaecisk's Weapon Boutique.
  8986 | D:8      | Found Nijief's Assorted Antiques.
  9375 | D:8      | Noticed Gastronok
  9859 | D:8      | Found a glowing golden altar of the Shining One.
  9859 | D:8      | Found an iron altar of Okawaru.
  9862 | D:8      | Became a worshipper of Warmaster Okawaru
 10500 | D:8      | Reached * piety under Okawaru
 10556 | D:9      | Reached XP level 10. HP: 45/76 MP: 7/10
 11313 | D:8      | Bought a polished triple sword for 465 gold pieces
 11313 | D:8      | Identified the +7 triple sword of Innocence {flame, rPois}
                  | (You bought it in a shop on level 8 of the Dungeon)
 11475 | D:8      | Reached ** piety under Okawaru
 11805 | D:9      | Found a staircase to the Lair.
 12082 | D:10     | Entered Level 10 of the Dungeon
 12287 | D:10     | Found a staircase to the Orcish Mines.
 12354 | D:10     | You fall into a shaft and drop 3 floors!
 12356 | D:13     | Found a flagged portal.
 12356 | D:13     | Noticed Frances
 12356 | D:13     | Noticed a cyan ugly thing
 12361 | Bailey   | Entered a bailey
 12435 | Bailey   | Reached *** piety under Okawaru
 12446 | Bailey   | Received a gift from Okawaru
 12516 | Bailey   | Got a jewelled leather armour
 12556 | Bailey   | Identified the +1 leather armour of Faoceuj {Harm rN+
                  | Stlth+} (You found it in a bailey)
 12661 | D:13     | Noticed a cyclops
 12675 | D:13     | Found an opulent altar of Gozag.
 12698 | D:13     | Noticed Kirke
 12713 | D:13     | Noticed a manticore
 12720 | D:13     | Noticed a tengu warrior
 12726 | D:13     | Noticed a two-headed ogre
 12764 | D:13     | Slain by a two-headed ogre

Illustrated notes

Levels and vault maps discovered:
D:1:      ncdulo_watergridlock, layout_basic, minmay_crystal_room
D:2:      layout_loops_ring, marbit_many_paths, hangedman_feature_mirror,
          grunt_ministairs_11
D:3:      layout_basic, hex_tiny, saegor_snake_ambush
D:4:      layout_rooms, temple_hall, ashenzari_altar_1
D:5:      cheibrodos_two_vegetables, layout_basic, first_ration, uniq_grinder
D:6:      layout_gridville
D:7:      layout_loops_ring, minitemple, gammafunk_ghost_split, grunt_ogre_cave,
          chequers_serial_rivers_micro_a, uniq_joseph
D:8:      layout_basic, gammafunk_temple_overflow_elements, serial_shops, shop,
          shop, uniq_gastronok
D:9:      layout_cross, erik_lair_island
D:10:     layout_roguey, orc_0_dummy, minmay_misc_feat_cross
D:13:     layout_basic, serial_shops, shop, enter_bailey_2, grunt_gozag_statues,
          uniq_rupert, uniq_frances, uniq_kirke, uniq_nessos
Temple:   grunt_temple_mini_profane

Skill      XL: |  1  2  3  4  5  6  7  8  9 10 |
---------------+-------------------------------+-----
Throwing       | 2 3 |  3.3
Long Blades    | 3 4 5 6 8 |  8.1
Dodging        | 3 4 5 6 7 |  7.3
Armour         | 1 2 3 4 6 8 |  8.7
Fighting       | 3 4 5 6 7 |  7.6

Action                   |  1- 3 |  4- 6 |  7- 9 | 10-12 || total
-------------------------+-------+-------+-------+-------++-------
Melee: Long sword        |    94 |   289 |   523 |       ||   906
       Falchion          |       |       |   106 |    19 ||   125
       Triple sword      |       |       |       |   129 ||   129
       Unarmed           |       |       |       |    16 ||    16
Throw: Throwing net      |       |     2 |       |       ||     2
Invok: Heroism           |       |       |       |     1 ||     1
Evoke: Wand              |       |       |       |     5 ||     5
  Use: Scroll            |       |     1 |    11 |     5 ||    17
       Potion            |       |     2 |       |     6 ||     8
 Stab: Sleeping          |     2 |       |       |     1 ||     3
  Eat: Ration            |     1 |     3 |     5 |     2 ||    11
Armor: Leather armour    |    34 |     6 |       |       ||    40
       Plate armour      |       |   190 |   186 |       ||   376
       Chain mail        |       |       |   205 |   247 ||   452
Dodge: Dodged            |    98 |   172 |   433 |   336 ||  1039
       Rpst.: Long sword |    30 |    56 |   115 |       ||   201
       Falchion          |       |       |    21 |       ||    21
       Triple sword      |       |       |       |    38 ||    38

Table legend:
 A = Non-vault XP
 B = Vault XP
 C = Vault XP percentage of total XP
 D = Non-vault monster count
 E = Vault monster count
 F = Vault count percentage of total count
                 A         B        C        D         E       F
            +---------+---------+-------+---------+---------+-------
      Total |    7857 |    2119 |  21.2 |     226 |      43 |  16.0
            +---------+---------+-------+---------+---------+-------
        D:1 |      40 |       0 |   0.0 |      28 |       0 |   0.0
        D:2 |     116 |      27 |  18.9 |      27 |       3 |  10.0
        D:3 |     107 |      32 |  23.0 |      20 |       6 |  23.1
        D:4 |     379 |       0 |   0.0 |      20 |       0 |   0.0
        D:5 |     198 |     452 |  69.5 |       7 |       4 |  36.4
        D:6 |     808 |       0 |   0.0 |      22 |       0 |   0.0
        D:7 |     957 |     121 |  11.2 |      26 |       1 |   3.7
        D:8 |    3399 |     401 |  10.6 |      42 |       2 |   4.5
        D:9 |    1238 |     411 |  24.9 |      17 |       6 |  26.1
       D:10 |     579 |       0 |   0.0 |      16 |       0 |   0.0
       D:13 |      36 |       0 |   0.0 |       1 |       0 |   0.0
     Bailey |       0 |     675 | 100.0 |       0 |      21 | 100.0
            +---------+---------+-------+---------+---------+-------
